 Dungeon Crawl Stone Soup version 0.28.0-47-ge53b351184 (webtiles) character file.

Game seed: 194080872068099248

252 Peloso the Covered (level 5, -4/47 HPs)
             Began as a Minotaur Fighter on May 7, 2022.
             Slain by Edmund
             ... wielding a +0 dire flail of holy wrath
              (8 damage)
             ... on level 4 of the Dungeon.
             The game lasted 00:06:15 (3753 turns).

Peloso the Covered (Minotaur Fighter)               Turns: 3753, Time: 00:06:16

Health: -4/47      AC: 12    Str: 20    XL:     5   Next: 89%
Magic:  4/4        EV:  7    Int:  5    God:
Gold:   112        SH:  5    Dex: 12    Spells: 4/4 levels left

rFire   . . .      SeeInvis .   a - +0 long sword
rCold   . . .      Faith    .   c - +0 buckler
rNeg    . . .      Spirit   .   s - +0 chain mail
rPois   .          Reflect  .   (helmet restricted)
rElec   .          Harm     .   o - +0 cloak
rCorr   .          Rampage  .   f - +0 pair of gloves
Will    .....                   (no boots)
Stlth   ..........              (no amulet)
HPRegen 0.15/turn               (no ring)
MPRegen 0.09/turn               (no ring)

@: mighty
A: horns 2, retaliatory headbutt
a: no special abilities


You were on level 4 of the Dungeon.
You visited 1 branch of the dungeon, and saw 4 of its levels.

You collected 112 gold pieces.

Inventory:

Hand Weapons
 a - a +0 long sword (weapon)
Armour
 b - a +0 scale mail
 c - a +0 buckler (worn)
 f - a +0 pair of gloves (worn)
 o - a +0 cloak (worn)
 s - a +0 chain mail (worn)
Jewellery
 m - an amulet of faith
Scrolls
 g - 3 scrolls of teleportation {unknown}
 i - a scroll of amnesia {unknown}
 j - a scroll of immolation {unknown}
 k - 2 scrolls of identify {unknown}
 l - a scroll of magic mapping {unknown}
 n - a scroll of enchant armour {unknown}
 p - 2 scrolls of blinking {unknown}
Potions
 e - a potion of heal wounds {unknown}
 q - a potion of lignification {unknown}
 r - a potion of ambrosia {unknown}


   Skills:
 + Level 4.9 Fighting
 + Level 4.9 Long Blades
 + Level 4.9 Armour
 + Level 1.6 Dodging
 + Level 4.2 Shields


You had 4 spell levels left.
You didn't know any spells.
Your spell library contained the following spells:

 Spells                   Type           Power      Damage    Failure   Level
 Call Canine Familiar     Summ           0%         N/A       100%        3
 Portal Projectile        Hex/Tloc       0%         N/A       100%        3
 Leda's Liquefaction      Hex/Erth       0%         N/A       100%        4


Dungeon Overview and Level Annotations

Branches:
Dungeon (4/15)
 Temple: D:4-7

Altars:

Shops:
D:1 (*

Annotations:
D:2 Sigmund
D:4 Edmund


Innate Abilities, Weirdness & Mutations

You have a pair of horns on your head.
You reflexively headbutt those who attack you in melee.


Message History

Edmund hits you with a +0 dire flail of holy wrath!
* * * LOW HITPOINT WARNING * * *
You barely miss Edmund. You headbutt Edmund.
Edmund is severely wounded.
Edmund hits you but does no damage. x2
You hit Edmund.
Edmund is severely wounded.
Edmund hits you with a +0 dire flail of holy wrath.
* * * LOW HITPOINT WARNING * * *
You feel better.
Edmund hits you with a +0 dire flail of holy wrath.
* * * LOW HITPOINT WARNING * * *
You hit Edmund but do no damage.
Edmund is severely wounded.
Edmund hits you with a +0 dire flail of holy wrath.
* * * LOW HITPOINT WARNING * * *
You hit Edmund.
Edmund is severely wounded.
Edmund hits you with a +0 dire flail of holy wrath.
* * * LOW HITPOINT WARNING * * *
You feel better. You block Edmund's attack.
You feel very mighty all of a sudden.
Edmund hits you with a +0 dire flail of holy wrath!
* * * LOW HITPOINT WARNING * * *
You feel better.
Edmund hits you with a +0 dire flail of holy wrath.
* * * LOW HITPOINT WARNING * * *
You closely miss Edmund. Your headbutt misses Edmund.
Edmund is severely wounded.
Edmund hits you with a +0 dire flail of holy wrath.
* * * LOW HITPOINT WARNING * * *
You slash Edmund!
Edmund is almost dead.
Edmund hits you but does no damage.
You hit Edmund but do no damage.
Edmund is almost dead.
Edmund says, "Everyone always remembers my brother. 'Who's Edmund?' they ask!"
Edmund hits you but does no damage.
Edmund hits you with a +0 dire flail of holy wrath!
You die...

#....)...'.......
#........#######.
#........#.#...#
########.#<#.#.#
#.#.#.#.#
#######.#.#.#.#
+...........#.#
#######.#.....#
#@#####.# #@# ###
...S.....#
.........#
.........#
..S......#
.........+
.........#
...$.?...#


You could see Edmund.

Vanquished Creatures
  A necrophage (D:3)
  A hound (D:4)
  An orc wizard (D:3)
  A gnoll (D:1)
  3 adders
  A worm (D:4)
  4 dart slugs
  11 orcs
  7 ball pythons
  4 endoplasms
  3 giant cockroaches
  6 goblins
  3 hobgoblins
  4 quokkas
  3 bats
  2 frilled lizards
  5 kobolds
  4 rats
64 creatures vanquished.

Notes
Turn   | Place    | Note
-------+----------+-------------------------------------------
     0 | D:1      | Peloso the Minotaur Fighter began the quest for the Orb.
     0 | D:1      | Reached XP level 1. HP: 19/19 MP: 0/0
   170 | D:1      | Reached XP level 2. HP: 26/27 MP: 1/1
   705 | D:1      | Found Doagimn's Weapon Boutique.
   837 | D:1      | Found Bimmoro's General Store.
  1258 | D:2      | Reached XP level 3. HP: 32/33 MP: 2/2
  1305 | D:2      | Found a faded altar of an unknown god.
  1367 | D:2      | Noticed Sigmund
  2029 | D:3      | Reached skill level 1 in Dodging
  2085 | D:3      | Noticed a necrophage
  2097 | D:3      | Killed a necrophage
  2098 | D:3      | Reached XP level 4. HP: 28/41 MP: 3/3
  2098 | D:3      | Reached XP level 5. HP: 32/47 MP: 4/4
  3734 | D:4      | Noticed Edmund
  3749 | D:4      | HP: 1/47 [Edmund/+0 dire flail of holy wrath (11)]
  3753 | D:4      | Slain by Edmund

Illustrated notes

Levels and vault maps discovered:
D:1:      tarquinn_simple_flora_water_d, layout_basic, serial_shops, shop,
          nicolae_shop_advertising_works [nicolae_subvault_shop_adworks]
D:2:      layout_basic, dreamdust_ecumenical_altar_angels_and_demons,
          kennysheep_big_empty_room, roderic_serpentine_path, st_stairs_6,
          uniq_sigmund
D:3:      layout_loops_ring, kennysheep_cross_bottleneck, minmay_unequal
D:4:      layout_basic, uniq_edmund

Skill      XL: |  1  2  3  4  5 |
---------------+----------------+-----
Fighting       | 4 |  4.9
Shields        | 4 |  4.2
Armour         | 4 |  4.9
Dodging        | 1 |  1.6
Long Blades    | 3 4 |  4.9

Action                   |  1- 3 |  4- 6 || total
-------------------------+-------+-------++-------
Melee: Long sword        |    77 |   109 ||   186
       Headbutt          |    12 |    18 ||    30
  Use: Potion            |       |     4 ||     4
Armor: Scale mail        |    32 |    42 ||    74
       Chain mail        |       |    13 ||    13
Dodge: Dodged            |    30 |    35 ||    65
Block: Buckler           |    16 |    12 ||    28
